 Dungeon Crawl Stone Soup version 0.23-a0-33-g1e3a2e4 (webtiles) character file.

500 zishaf the Shield-Bearer (level 7, -2/56 HPs)
             Began as a Formicid Fighter on Aug 5, 2018.
             Slain by Sigmund
             ... wielding a +0 scythe
              (8 damage)
             ... on level 4 of the Dungeon.
             The game lasted 00:13:00 (4027 turns).

zishaf the Shield-Bearer (Formicid Fighter)         Turns: 4027, Time: 00:13:00

Health: -2/56      AC:  7    Str: 28    XL:     7   Next: 40%
Magic:  7/7        EV:  9    Int:  7    God:
Gold:   203        SH: 11    Dex: 10    Spells: 6/6 levels left

rFire    . . .     SeeInvis +   a - +0 quarterstaff
rCold    . . .     Gourm    .   c - +0 shield
rNeg     . . .     Faith    .   b - +0 scale mail
rPois    .         Spirit   .   (helmet unavailable)
rElec    .         Reflect  .   (no cloak)
rCorr    .         Harm     .   (no gloves)
MR       +....                  (no boots)
Stlth    ..........             (no amulet)
HPRegen  0.18/turn              h - ring of protection from magic
MPRegen  0.10/turn              (no ring)

@: mighty
A: permanent stasis, dig shafts and tunnels, four strong arms, antennae 3
a: Dig, Shaft Self


You were on level 4 of the Dungeon.
You were hungry.

You visited 1 branch of the dungeon, and saw 4 of its levels.

You collected 203 gold pieces.

Inventory:

Hand Weapons
 a - a +0 quarterstaff (weapon)
Armour
 b - a +0 scale mail (worn)
 c - a +0 shield (worn)
Jewellery
 h - a ring of protection from magic (left hand)
Scrolls
 e - a scroll of fear {unknown}
 j - 6 scrolls of remove curse
 k - a scroll of enchant armour {unknown}
 l - 3 scrolls of enchant weapon {unknown}
 n - 4 scrolls of identify {unknown}
 p - 2 scrolls of immolation {unknown}
 t - a scroll of blinking {unknown}
 v - a scroll of fog {unknown}
Potions
 d - 2 potions of might
 g - 2 potions of curing {unknown}
 i - a potion of brilliance {unknown}
 m - 4 potions of flight {unknown}
 o - a potion of cancellation {unknown}
 q - 2 potions of heal wounds {unknown}
 r - a potion of lignification {unknown}
 s - 2 potions of degeneration {unknown}
Comestibles
 f - 7 rations
 u - 6 chunks of flesh


   Skills:
 + Level 5.2 Fighting
 - Level 2.0 Staves
 + Level 5.1 Armour
 * Level 7.2 Shields


You had 6 spell levels left.
You didn't know any spells.
Your spell library was empty.

Dungeon Overview and Level Annotations

Branches:
Dungeon (4/15)
 Temple: D:4-7

Altars:
Kikubaaqudgha
Qazlal

Annotations:
D:4 Sigmund


Innate Abilities, Weirdness & Mutations

You cannot be hasted, slowed, berserked, paralysed or teleported.
You can dig through walls and to a lower floor.
Your four strong arms can wield two-handed weapons with a shield.
You have a pair of large antennae on your head. (SInv)


Message History

You are confused.
You miss Sigmund.
Sigmund is almost dead.
Sigmund barely misses you.
You miss Sigmund.
Sigmund is almost dead.
Sigmund points at you and mumbles some strange words.
The magic dart hits you!
* * * LOW HITPOINT WARNING * * *
You're too confused to move!
Sigmund casts a spell at you. You resist with almost no effort.
Sigmund hits you from afar with a scythe.
* * * LOW HITPOINT WARNING * * *
You bump into the rock wall.
You're too confused to move!
You feel less confused. Sigmund barely misses you.
Sigmund hits you from afar with a scythe!
You die...

#.# #.#
##.##########.#
#..........#.######
#..# ####.........
#..# #.........###
#..# ##.##....#.#
#.@###.......##.#
#..............(#
##@#######.######
#.# #.# #.. ..#
#### ##


You could see Sigmund.

Vanquished Creatures
  A bullfrog (D:2)
  2 vampire bats (D:2)
  2 orc priests (D:3)
  Jessica (D:3)
  Natasha (thrice) (D:2)
  A worker ant (D:2)
  A howler monkey skeleton (D:4)
  6 adders
  3 worms
  A dart slug (D:2)
  3 leopard geckos
  5 orcs
  A ball python (D:2)
  A bat skeleton (D:2)
  4 bat zombies (D:2)
  A giant cockroach (D:2)
  11 goblins
  10 hobgoblins
  4 jackals
  11 kobolds
  4 quokkas
  9 bats
  5 frilled lizards
  7 rats
97 creatures vanquished.

Notes
Turn   | Place    | Note
-------+----------+-------------------------------------------
     0 | D:1      | zishaf the Formicid Fighter began the quest for the Orb.
     0 | D:1      | Reached XP level 1. HP: 18/18 MP: 1/1
    90 | D:1      | Reached XP level 2. HP: 24/24 MP: 2/2
   129 | D:1      | Reached skill level 4 in Shields
   573 | D:1      | Reached XP level 3. HP: 29/29 MP: 3/3
  1395 | D:2      | Reached XP level 4. HP: 31/37 MP: 4/4
  1398 | D:2      | Noticed a bullfrog
  1410 | D:2      | Killed a bullfrog
  1410 | D:2      | Reached skill level 5 in Shields
  1410 | D:2      | Reached XP level 5. HP: 22/42 MP: 5/5
  1418 | D:2      | Noticed Natasha
  1421 | D:2      | Found a stormy altar of Qazlal.
  1421 | D:2      | Noticed a fire elemental
  1429 | D:2      | Killed Natasha
  1792 | D:2      | Found an ancient bone altar of Kikubaaqudgha.
  1802 | D:2      | Reached skill level 6 in Shields
  1802 | D:2      | Reached XP level 6. HP: 28/49 MP: 6/6
  1995 | D:2      | Noticed Natasha
  2004 | D:2      | Killed Natasha
  2104 | D:2      | Noticed an air elemental
  2105 | D:2      | Noticed a water elemental
  2407 | D:2      | Noticed Natasha
  2410 | D:2      | Killed Natasha
  2877 | D:3      | Reached XP level 7. HP: 40/55 MP: 7/7
  2898 | D:3      | Reached skill level 5 in Fighting
  2904 | D:3      | Reached skill level 5 in Armour
  2904 | D:3      | Reached skill level 7 in Shields
  3044 | D:3      | Noticed Jessica
  3052 | D:3      | Killed Jessica
  4005 | D:4      | Noticed Sigmund
  4027 | D:4      | Slain by Sigmund

Vault maps used:
D:1:      dpeg_arrival_chambers_temple_mockup, st_stairs_9
D:2:      kennysheep_vampire_church, nicolae_qazlal_style_of_elements,
          first_ration, grunt_ministairs_1, uniq_natasha
D:3:      due_unseen_surprise, uniq_jessica
D:4:      trog_book, uniq_eustachio, uniq_sigmund

Skill      XL: |  1  2  3  4  5  6  7 |
---------------+----------------------+-----
Shields        | 4 5 6 7 |  7.2
Fighting       | 4 5 |  5.2
Armour         | 4 5 |  5.1
Staves         | |  2.0

Action                   |  1- 3 |  4- 6 |  7- 9 || total
-------------------------+-------+-------+-------++-------
Melee: Quarterstaff      |   112 |   149 |    94 ||   355
 Abil: Dig               |       |       |     1 ||     1
  Use: Scroll            |       |       |     1 ||     1
       Potion            |       |       |     1 ||     1
  Eat: Chunk             |     2 |     5 |     3 ||    10
Armor: Scale mail        |    20 |    58 |    18 ||    96
Dodge: Dodged            |    35 |    67 |    28 ||   130
Block: Shield            |    59 |   117 |    52 ||   228

Table legend:
 A = Spawn XP
 B = Non-spawn XP
 C = Spawn XP percentage of total XP
 D = Spawn monster count
 E = Non-spawn monster count
 F = Spawn count percentage of total count
 G = Total turns spent on level
                    A         B        C        D         E        F      G
               +---------+---------+-------+---------+---------+-------+---------
         Total |       0 |     715 |   0.0 |       0 |      97 |   0.0 |  4027
               +---------+---------+-------+---------+---------+-------+---------
           D:1 |       0 |      42 |   0.0 |       0 |      27 |   0.0 |  1036
           D:2 |       0 |     438 |   0.0 |       0 |      36 |   0.0 |  1685
           D:3 |       0 |     217 |   0.0 |       0 |      31 |   0.0 |  1138
           D:4 |       0 |      18 |   0.0 |       0 |       3 |   0.0 |   168
               +---------+---------+-------+---------+---------+-------+---------
